 Dungeon Crawl Stone Soup version 0.22-a0-460-g49b1da7 (webtiles) character file.

14 4thArraOfDagon the Slasher (level 2, -2/27 HPs)
             Began as a Minotaur Monk on June 9, 2018.
             Killed from afar by an orc wizard (4 damage)
             ... with a puff of frost
             ... on level 3 of the Dungeon.
             The game lasted 00:01:00 (246 turns).

4thArraOfDagon the Slasher (Minotaur Monk)           Turns: 246, Time: 00:01:01

Health: -2/27      AC:  2    Str: 15    XL:     2   Next: 27%
Magic:  1/1        EV: 13    Int:  7    God:
Gold:   0          SH:  0    Dex: 12    Spells: 1/1 levels left

rFire    . . .     SeeInvis .   a - +0 falchion
rCold    . . .     Gourm    .   (no shield)
rNeg     . . .     Faith    +   b - +0 robe
rPois    .         Spirit   .   (helmet restricted)
rElec    .         Reflect  .   (no cloak)
rCorr    .         Harm     .   (no gloves)
MR       .....                  (no boots)
Stlth    ++........             e - amulet of faith
HPRegen  0.09/turn              (no ring)
MPRegen  0.07/turn              (no ring)

@: no status effects
A: retaliatory headbutt, horns 2
a: no special abilities


You were on level 3 of the Dungeon.
You were not hungry.

You visited 1 branch of the dungeon, and saw 3 of its levels.

Inventory:

Hand Weapons
 a - a +0 falchion (weapon)
Armour
 b - a +0 robe (worn)
Jewellery
 d - an uncursed ring of ice
 e - an amulet of faith (around neck)
Scrolls
 f - a scroll of random uselessness {unknown}
 h - a scroll of blinking {unknown}
Comestibles
 c - 2 rations


   Skills:
 + Level 3.9 Fighting
 * Level 4.1 Long Blades
 + Level 3.5 Dodging
 - Level 1.5 Stealth


You had one spell level left.
You didn't know any spells.
Your spell library was empty.

Dungeon Overview and Level Annotations

Branches:
Dungeon (3/15)

Altars:


Innate Abilities, Weirdness & Mutations

You reflexively headbutt those who attack you in melee.
You have a pair of horns on your head.


Message History

* * * LOW HITPOINT WARNING * * *
Unknown command.
You barely miss the orc wizard.
The orc wizard is severely wounded.
The orc wizard barely misses you.
You riposte.
You closely miss the orc wizard.
The orc wizard is severely wounded.
Unknown command.
You miss the orc wizard.
The orc wizard is severely wounded.
The orc wizard hits you with a dagger.
* * * LOW HITPOINT WARNING * * *
The orc wizard hits you with a dagger.
* * * LOW HITPOINT WARNING * * *
Unknown command.
Unknown command.
You completely miss the orc wizard.
The orc wizard is severely wounded.
The orc wizard gestures at you while chanting.
The puff of frost hits you!
You die...

###.#.####.# #....
.o.... #.#.##.#.#
#...# #..w#
#......#.# #...#
#...# ###.##.#.#
#...###...###.
#.##.#.#
#.†...o........
#.##.#.#
#...†oo........
#.##[#.#
##.############
#.##.#.#######.#
#.##.#.#....@o.#
#.##.#.#.#######
#.##.#.#.#
..##.#.#.#
########.#.#.#
.........#.#.#
##########.#.#####
........<#.#.....#
.#########.#####.#


You could see an orc wizard.

Vanquished Creatures
  A dart slug (D:3)
  3 orcs (D:3)
  A ball python (D:3)
  A giant cockroach (D:3)
  2 bats (D:2)
  A frilled lizard (D:1)
9 creatures vanquished.

Notes
Turn   | Place    | Note
-------+----------+-------------------------------------------
     0 | D:1      | 4thArraOfDagon the Minotaur Monk began the quest for the Orb.
     0 | D:1      | Reached XP level 1. HP: 19/19 MP: 0/0
   194 | D:3      | Noticed an orc wizard
   211 | D:3      | Reached skill level 4 in Long Blades
   211 | D:3      | Reached XP level 2. HP: 26/27 MP: 1/1
   246 | D:3      | Killed from afar by an orc wizard

Vault maps used:
D:1:      minmay_arrival_arboretum_small
D:2:      overflow_temple_1_default, lemuel_doored_altar, uniq_terence
D:3:      cheibriados_altar_1, nicolae_gozag_seed_capital, lemuel_crystal_altar,
          gammafunk_temple_overflow_pools, serial_glass, glass_columns_a,
          glass_columns_a, kennysheep_boxes, uniq_sigmund

Skill      XL: |  1 |
---------------+----+-----
Long Blades    | 4 |  4.1
Fighting       | |  3.9
Dodging        | |  3.5
Stealth        | |  1.5

Action                   || total
-------------------------++-------
Melee: Falchion          ||    28
       Headbutt          ||     4
  Use: Potion            ||     1
 Stab: Sleeping          ||     1
Armor: Robe              ||     6
Dodge: Dodged            ||    13
       Rpst.: Falchion   ||     3

Table legend:
 A = Spawn XP
 B = Non-spawn XP
 C = Spawn XP percentage of total XP
 D = Spawn monster count
 E = Non-spawn monster count
 F = Spawn count percentage of total count
 G = Total turns spent on level
                    A         B        C        D         E        F      G
               +---------+---------+-------+---------+---------+-------+---------
         Total |       0 |      20 |   0.0 |       0 |       9 |   0.0 |   246
               +---------+---------+-------+---------+---------+-------+---------
           D:1 |       0 |       1 |   0.0 |       0 |       1 |   0.0 |    61
           D:2 |       0 |       2 |   0.0 |       0 |       2 |   0.0 |    23
           D:3 |       0 |      17 |   0.0 |       0 |       6 |   0.0 |   162
               +---------+---------+-------+---------+---------+-------+---------
